 Dungeon Crawl Stone Soup version 0.19.1-28-ge1247f7 (console) character file.

11398 Kloppie the Cleaver (level 11, 0/142 HPs)
             Began as a Mottled Draconian Berserker on Jan 22, 2017.
             Was a High Priest of Trog.
             Slain by a killer bee (2 damage)
             ... on level 10 of the Dungeon.
             The game lasted 00:16:40 (11793 turns).

Kloppie the Cleaver (Mottled Draconian Berserker)  Turns: 11793, Time: 00:16:41

Health: 0/142      AC:  9    Str: 25    XL:     11   Next: 48%
Magic:  11/11      EV: 23    Int:  8    God:    Trog [*****.]
Gold:   712        SH:  0    Dex: 18    Spells: 0 memorised, 10 levels left

rFire  + . .     SeeInvis .     a - +1 war axe
rCold  . . .     Gourm    .     (armour unavailable)
rNeg   . . .     Faith    .     (no shield)
rPois  .         Spirit   .     (helmet restricted)
rElec  .         Reflect  .     t - +0 cloak
rCorr  .         Harm     .     s - +0 pair of gloves
MR     ++...                    (no boots)
Stlth  ..........               (no amulet)
                                y - ring of protection from fire
                                j - ring of flight

@: mighty, agile, berserking, lethally poisoned (0 -> 0), regenerating, very
quick
A: breathe sticky flame splash, unfitting armour, cold-blooded, AC +7
a: Breathe Sticky Flame, Berserk, Trog's Hand, Brothers in Arms, Burn
Spellbooks, Renounce Religion, Evoke Flight


You were on level 10 of the Dungeon.
You worshipped Trog.
Trog was extremely pleased with you.
You were near starving.

You visited 1 branch of the dungeon, and saw 10 of its levels.
You also visited: Ossuary.

You collected 712 gold pieces.

Inventory:

Hand Weapons
 a - a +1 war axe (weapon)
 n - the +10 flail "Raempeh" {venom, *Corrode +Inv Dex+3}
   (You found it on level 8 of the Dungeon)

   It poisons the flesh of those it strikes.
   It affects your dexterity (+3).
   It lets you turn invisible.
   It may corrode you when you take damage.
 w - the +6 broad axe of Gehenna {chop, Stlth+}
   (You acquired it on level 8 of the Dungeon)

   It inflicts extra damage upon your enemies.
   It makes you more stealthy.
Armour
 s - a +0 pair of gloves (worn)
 t - a +0 cloak (worn)
Jewellery
 j - a ring of flight (left hand)
 y - a ring of protection from fire (right hand)
Wands
 e - a wand of lightning (6/15)
 q - a wand of lightning (5/15)
 v - a wand of flame (27/48)
 C - a wand of enslavement (17/24)
Scrolls
 c - 3 scrolls of magic mapping
 d - 4 scrolls of identify
 g - 3 scrolls of noise
 h - 3 scrolls of teleportation
 l - 6 scrolls of remove curse
 p - 5 scrolls of blinking
Potions
 i - a potion of brilliance
 x - 3 potions of haste
 z - a potion of ambrosia
 A - a potion of magic
 D - a potion of berserk rage
Comestibles
 b - 5 bread rations
 f - 4 beef jerkies
 r - 10 fruits
 E - a meat ration
 F - 10 royal jellies


   Skills:
 - Level 8.4 Fighting
 * Level 14.4 Axes
 - Level 8.1 Dodging


You had 10 spell levels left.
You didn't know any spells.

Dungeon Overview and Level Annotations

Branches:
Dungeon (10/15)            Temple (0/1) D:7            Lair (0/6) D:9
    Orc: D:9-12

Altars:
Ashenzari
Fedhas
Hepliaklqana
Kikubaaqudgha
Qazlal
Ru
Yredelemnul
The Shining One


Innate Abilities, Weirdness & Mutations

You can spit globs of burning liquid.
You can ignite nearby creatures when you spit burning liquid.
Your weird mottled scales are hard. (AC +7)
You cannot fit into any form of body armour.
You are cold-blooded and may be slowed by cold attacks.


Message History

The killer bee completely misses you. The killer bee stings you.
* * * LOW HITPOINT WARNING * * *
You closely miss the orc knight.
The orc knight is severely wounded.
You slash the killer bee! You hit the killer bee.
The killer bee closely misses you. The killer bee completely misses you.
The orc knight closely misses you.
The orc priest calls upon Beogh to heal the orc knight.
The orc knight is healed somewhat.
You barely miss the orc knight. You tail-slap the orc knight!
The orc knight is almost dead.
You hit the killer bee.
You kill the killer bee!
Trog accepts your kill.
You hit the killer bee.
You feel sick. The killer bee completely misses you.
You hit the orc knight.
The orc knight is almost dead.
You closely miss the killer bee. You closely miss the orc priest.
The killer bee stings you.
You die...

.....#
..########.#
#....# . #.#
###### 8
#########.#
.....#
#...........#
.....#
#.####......#
.)...#
#....#......#
..##.#
#...o#......#
..##.#
..#...o#)####.#
..##.#
..8.ooo@......#
..##.#
..'.ooy#))....#
..##.#
..8..oo#......#
.....#
..#....#......#
.....# #
#....#....#.#
.###.#
......#....#.#
.....#
.......#..... #
.....###
##+###+#......
........


You could see an orc knight, a killer bee, 3 orc priests and 5 orcs.

Vanquished Creatures
  A deep elf knight (D:9)
  A hill giant (D:10)
  Pikel (D:9)
  Joseph (D:8)
  Psyche (D:8)
  Prince Ribbit (D:8)
  A two-headed ogre (D:10)
  A hippogriff (D:8)
  Sigmund (D:5)
  2 wyverns
  2 hungry ghosts (D:9)
  Menkaure (D:6)
  Grum (D:9)
  13 wargs
  Duvessa (D:6)
  4 sky beasts
  8 orc warriors
  A black bear (D:10)
  A necrophage (D:6)
  3 ogres
  3 slaves (D:9)
  3 phantoms
  2 wolves (D:9)
  6 centaurs
  2 crocodiles (D:9)
  An elf zombie (Ossuary)
  2 bullfrogs
  Blork the orc (D:6)
  A wyvern skeleton (D:6)
  4 scorpions
  Dowan (D:6)
  4 killer bees (D:10)
  A howler monkey (D:10)
  7 wights
  2 crimson imps
  A bullfrog zombie (D:5)
  4 centaur zombies
  A hound (D:4)
  Crazy Yiuf (D:2)
  2 bullfrog skeletons
  5 orc wizards
  5 jellies
  A human zombie (Ossuary)
  8 orc priests
  A centaur skeleton (D:7)
  5 iguanas
  5 worker ants
  A big kobold zombie (Ossuary)
  3 hound zombies
  2 mummies (Ossuary)
  2 worker ant zombies
  4 gnolls (D:3)
  A howler monkey skeleton (D:6)
  12 adders
  3 river rats (D:9)
  4 shadow imps
  8 oozes
  2 adder skeletons
  An adder zombie (D:6)
  3 worms
  3 dart slugs
  2 leopard geckos
  71 orcs
  2 ball pythons
  7 giant cockroaches
  5 goblins
  6 hobgoblins
  2 jackals (D:1)
  6 quokkas
  20 bats
  9 frilled lizards
  A goblin zombie (Ossuary)
  8 hobgoblin zombies (Ossuary)
  A jackal skeleton (D:6)
  2 jackal zombies (Ossuary)
  8 kobolds
  8 kobold zombies (Ossuary)
  10 orc zombies (Ossuary)
  2 quokka skeletons (D:4)
  19 rats
  2 rat zombies (Ossuary)
  2 fungi (D:9)
  A plant (D:9)
368 creatures vanquished.

Vanquished Creatures (collateral kills)
  An orc knight (D:9)
  An orc sorcerer (D:9)
  An orc warrior (D:9)
  An orc priest (D:9)
  7 orcs (D:9)
11 creatures vanquished.

Vanquished Creatures (others)
  A fungus (D:9)
  3 plants (D:9)
4 creatures vanquished.

Grand Total: 383 creatures vanquished

Notes
Turn   | Place    | Note
-------+----------+-------------------------------------------
     0 | D:1      | Kloppie the Draconian Berserker began the quest for the Orb.
     0 | D:1      | Reached XP level 1. HP: 19/19 MP: 1/1
   138 | D:1      | Reached XP level 2. HP: 22/26 MP: 2/2
   688 | D:2      | Reached XP level 3. HP: 32/33 MP: 3/3
   841 | D:2      | Reached ** piety under Trog
   874 | D:2      | Reached skill level 4 in Axes
  1089 | D:2      | Reached XP level 4. HP: 32/40 MP: 4/4
  1194 | D:2      | Found a glowing golden altar of the Shining One.
  1258 | D:2      | Found a runed door.
  1423 | D:2      | Noticed Crazy Yiuf
  1431 | D:2      | Killed Crazy Yiuf
  1596 | D:3      | Reached XP level 5. HP: 41/47 MP: 5/5
  1599 | D:3      | Reached skill level 5 in Fighting
  1605 | D:3      | Reached skill level 5 in Axes
  1723 | D:3      | Reached XP level 6. HP: 25/56 MP: 6/6
  1727 | D:3      | Reached *** piety under Trog
  2724 | D:5      | Entered Level 5 of the Dungeon
  2741 | D:5      | Reached skill level 6 in Axes
  2864 | D:5      | Your scales start taking on a weird mottled colour.
  2864 | D:5      | Reached XP level 7. HP: 59/64 MP: 7/7
  3248 | D:5      | Found a blossoming altar of Fedhas.
  3252 | D:5      | Found a shattered altar of Ashenzari.
  3253 | D:5      | Found a stormy altar of Qazlal.
  3260 | D:5      | Found a basalt altar of Yredelemnul.
  3350 | D:5      | Noticed Sigmund
  3356 | D:5      | Killed Sigmund
  3671 | D:6      | Noticed Menkaure
  3677 | D:6      | Killed Menkaure
  3677 | D:6      | Reached skill level 7 in Axes
  3680 | D:6      | Reached XP level 8. HP: 71/71 MP: 8/8
  3943 | D:6      | Found a hazy altar of Hepliaklqana.
  4028 | D:6      | Noticed Dowan
  4030 | D:6      | Noticed Duvessa
  4038 | D:6      | Killed Dowan
  4038 | D:6      | Reached skill level 5 in Dodging
  4047 | D:6      | Killed Duvessa
  4047 | D:6      | Reached skill level 8 in Axes
  4091 | D:6      | Noticed Blork the orc
  4103 | D:6      | Reached **** piety under Trog
  4201 | D:6      | Found a sacrificial altar of Ru.
  4337 | D:6      | Killed Blork the orc
  4489 | D:6      | Reached skill level 9 in Axes
  4489 | D:6      | Reached XP level 9. HP: 77/77 MP: 9/9
  4902 | D:7      | Found a staircase to the Ecumenical Temple.
  4954 | D:7      | Found a sand-covered staircase.
  5019 | Ossuary  | Entered an ossuary
  6106 | D:8      | Noticed Psyche
  6111 | D:8      | Killed Psyche
  6111 | D:8      | Reached skill level 10 in Axes
  6194 | D:8      | Got a twisted flail
  6467 | D:8      | Noticed Joseph
  6482 | D:8      | Killed Joseph
  6798 | D:8      | Reached skill level 11 in Axes
  6827 | D:8      | Reached XP level 10. HP: 23/88 MP: 10/10
  7953 | D:8      | Noticed Prince Ribbit
  7995 | D:8      | Killed Prince Ribbit
  8149 | D:8      | Identified a scroll of acquirement
  8150 | D:8      | Got a crystal broad axe
  8151 | D:8      | Identified the +6 broad axe of Gehenna {chop, Stlth+} (You acquired it on level 8 of the Dungeon)
  8152 | D:8      | Identified the +10 flail "Raempeh" {venom, *Corrode +Inv Dex+3} (You found it on level 8 of the Dungeon)
  8235 | D:8      | Reached ***** piety under Trog
  8461 | D:9      | Reached skill level 12 in Axes
  8527 | D:9      | Found an ancient bone altar of Kikubaaqudgha.
  8855 | D:9      | Paralysed by fainting for 9 turns
  9314 | D:9      | Found a staircase to the Lair.
  9405 | D:9      | Noticed an orc sorcerer
  9405 | D:9      | Noticed an orc knight
  9409 | D:9      | Noticed a sixfirhy
  9415 | D:9      | Killed an orc knight
  9424 | D:9      | Noticed a sixfirhy
  9424 | D:9      | Killed an orc sorcerer
  9811 | D:9      | Reached skill level 13 in Axes
  9996 | D:9      | Noticed a deep elf knight
 10006 | D:9      | Killed a deep elf knight
 10006 | D:9      | Reached XP level 11. HP: 95/95 MP: 11/11
 10102 | D:9      | Received a gift from Trog
 10302 | D:9      | Noticed Grum
 10317 | D:9      | Killed Grum
 10801 | D:9      | Noticed Pikel
 10816 | D:9      | Killed Pikel
 10934 | D:9      | Reached skill level 14 in Axes
 11393 | D:10     | Entered Level 10 of the Dungeon
 11527 | D:10     | Noticed a hill giant
 11539 | D:10     | Killed a hill giant
 11761 | D:10     | Noticed an orc knight
 11784 | D:10     | HP: 4/142 [orc warrior/glaive (19)]
 11790 | D:10     | HP: 1/142 [killer bee (5)]
 11793 | D:10     | Slain by a killer bee

Skill      XL: |  1  2  3  4  5  6  7  8  9 10 11 |
---------------+----------------------------------+-----
Fighting       | 4 5 6 8 |  8.4
Axes           | 4 5 6 7 9 11 13 14 | 14.4
Dodging        | 4 6 8 |  8.1

Action                   |  1- 3 |  4- 6 |  7- 9 | 10-12 || total
-------------------------+-------+-------+-------+-------++-------
Melee: Hand axe          |   102 |   207 |   449 |   148 ||   906
       Tailslap          |    10 |    22 |    73 |    81 ||   186
       War axe           |       |       |       |   395 ||   395
Invok: Berserk           |     1 |     4 |    11 |    11 ||    27
       Trog's Hand       |       |     2 |     2 |     2 ||     6
       Brothers in Arms  |       |       |       |     1 ||     1
 Abil: Breathe Sticky Fl |       |       |     2 |     6 ||     8
  Use: Potion            |       |     5 |     4 |     5 ||    14
       Scroll            |       |       |    12 |     5 ||    17
 Stab: Sleeping          |       |     1 |     1 |     3 ||     5
  Eat: Chunk             |     2 |    10 |    13 |    32 ||    57
       Bread ration      |       |       |     2 |       ||     2
       Pizza             |       |       |       |     2 ||     2
       Beef jerky        |       |       |       |     1 ||     1
Armor: Skin              |    31 |    75 |    85 |   129 ||   320
Dodge: Dodged            |    74 |   147 |   219 |   389 ||   829
